 Dungeon Crawl Stone Soup version 0.26-a0-710-g95a0c6c400 (webtiles) character file.

Game seed: 16763221049357219945

431 jiml777 the Magician (level 6, -5/32 HPs)
             Began as a Deep Elf Air Elementalist on Oct 31, 2020.
             Was an Initiate of Sif Muna.
             Shot with an arrow by a centaur (12 damage)
             ... on level 5 of the Dungeon.
             The game lasted 00:30:52 (4916 turns).

jiml777 the Magician (Deep Elf Air Elementalist)    Turns: 4916, Time: 00:30:52

Health: -5/32      AC:  6    Str:  5    XL:     6   Next: 66%
Magic:  17/17      EV: 13    Int: 22    God:    Sif Muna [......]
Gold:   222        SH:  0    Dex: 15    Spells: 7/17 levels left

rFire    . . .     SeeInvis .   n - +6 whip
rCold    . . .     Faith    .   (no shield)
rNeg     . . .     Spirit   .   p - +1 robe
rPois    .         Reflect  .   (no helmet)
rElec    .         Harm     .   (no cloak)
rCorr    .         Rampage  .   (no gloves)
MR       .....                  r - +2 pair of boots
Stlth    +++.......             l - amulet of regeneration
HPRegen  0.50/turn              (no ring)
MPRegen  0.15/turn              (no ring)

@: no status effects
A: no striking features
a: Renounce Religion


You were on level 5 of the Dungeon.
You worshipped Sif Muna.
Sif Muna was noncommittal.
You visited 2 branches of the dungeon, and saw 6 of its levels.

You collected 222 gold pieces.

Inventory:

Hand Weapons
 n - a +6 whip (weapon)
Missiles
 h - 16 poisoned darts (quivered)
 m - 5 curare-tipped darts
 s - 64 arrows
Armour
 p - a +1 robe (worn)
 r - a +2 pair of boots (worn)
Jewellery
 l - an amulet of regeneration (around neck)
Scrolls
 c - a scroll of amnesia
 e - 2 scrolls of immolation
 f - 2 scrolls of fear
 o - a scroll of remove curse
 t - a scroll of teleportation
Potions
 a - a potion of invisibility
 b - 3 potions of curing
 d - a potion of brilliance
 g - 3 potions of heal wounds
 i - a potion of stabbing
 j - a potion of berserk rage
 k - a potion of cancellation
 q - a potion of mutation {unknown}
 u - a potion of haste {unknown}
 v - a potion of magic {unknown}


   Skills:
 + Level 3.0 Dodging
 + Level 3.7 Stealth
 + Level 0.2 Unarmed Combat
 + Level 6.1 Spellcasting
 + Level 3.4 Conjurations
 + Level 4.7 Air Magic


You had 7 spell levels left.
You knew the following spells:

 Your Spells              Type           Power        Failure   Level
a - Shock                 Conj/Air       ###.         1%          1
b - Swiftness             Air            ####....     1%          2
c - Static Discharge      Conj/Air       ###.....     4%          3
d - Airstrike             Air            ####......   13%         4

Your spell library contained the following spells:

 Spells                   Type           Power        Failure   Level
 Lightning Bolt           Conj/Air       ###.......   43%         5


Dungeon Overview and Level Annotations

Branches:
Dungeon (5/15)             Temple (1/1) D:4

Altars:
Cheibriados
Dithmenos
Elyvilon
Fedhas
Gozag
Hepliaklqana
Kikubaaqudgha
Makhleb
Nemelex Xobeh
Okawaru
Ru
Sif Muna
Trog
Uskayaw
Wu Jian
Xom
Yredelemnul
The Shining One


Message History

Press: ? - help, Shift-Dir - straight line, f/p - orc
Aim: an orc, wielding a +0 short sword and quivering 3 stones (almost dead)
The zap hits the orc.
You kill the orc!
Sif Muna accepts your kill.
You start resting.
HP restored.
You start resting.
Magic restored.
A howler monkey zombie comes into view.
There is a stone staircase leading up here.
The centaur shouts!
You hear a shout!
The centaur wields a +0 shortbow.
The centaur shoots an arrow.
The arrow hits you!
There is a stone staircase leading up here.
You see here an arrow.
The centaur shoots an arrow.
The arrow hits you!
* * * LOW HITPOINT WARNING * * *
The centaur shoots an arrow.
The arrow hits you!
You die...

####... ..#..#
..... .Z)# c.#
#.# #.# #<# .#
#@# ... #.######
#.# #.(....# #.#
######.# #.# #.#
#.#
###.#########.#
##..............
#.....########.#
#...........<..#


You could see a centaur and a howler monkey zombie.

Vanquished Creatures
  An ogre (D:4)
  A scorpion (D:4)
  2 orc wizards (D:4)
  A worker ant (D:4)
  4 adders
  8 gnolls
  2 worms
  An adder skeleton (D:4)
  4 dart slugs
  3 leopard geckos
  4 orcs
  12 bats
  3 giant cockroaches
  8 goblins
  6 hobgoblins
  10 kobolds
  A quokka (D:2)
  2 ball pythons
  A frilled lizard (D:3)
  A jackal skeleton (D:4)
  7 rats
82 creatures vanquished.

Notes
Turn   | Place    | Note
-------+----------+-------------------------------------------
     0 | D:1      | jiml777 the Deep Elf Air Elementalist began the quest for
                  | the Orb.
     0 | D:1      | Reached XP level 1. HP: 10/10 MP: 6/6
   248 | D:1      | Reached XP level 2. HP: 15/15 MP: 4/8
   755 | D:1      | Reached XP level 3. HP: 19/19 MP: 8/10
  1382 | D:2      | Reached skill level 4 in Spellcasting
  1698 | D:2      | Reached XP level 4. HP: 24/24 MP: 9/12
  1842 | D:2      | Found a shimmering altar of Xom.
  1900 | D:2      | Found a sparkling altar of Nemelex Xobeh.
  2469 | D:3      | Reached XP level 5. HP: 27/28 MP: 8/14
  2594 | D:3      | Reached skill level 5 in Spellcasting
  3238 | D:3      | Learned a level 2 spell: Swiftness
  3242 | D:3      | Learned a level 3 spell: Static Discharge
  3247 | D:3      | Learned a level 4 spell: Airstrike
  3582 | D:4      | Found a glowing golden altar of the Shining One.
  3693 | D:4      | Found a staircase to the Ecumenical Temple.
  3707 | Temple   | Entered the Ecumenical Temple
  3795 | Temple   | Became a worshipper of Sif Muna the Loreminder
  4178 | D:4      | Reached XP level 6. HP: 32/32 MP: 9/16
  4321 | D:4      | Reached skill level 6 in Spellcasting
  4795 | D:5      | Entered Level 5 of the Dungeon
  4916 | D:5      | Shot with an arrow by a centaur

Illustrated notes

Levels and vault maps discovered:
D:1:      matt_arrival_los_fun, layout_loops_ring
D:2:      layout_basic, old_standard_altar, nemelex_xobeh_ov_fountains_minmay
D:3:      layout_basic, minmay_circle_x
D:4:      layout_layer_cave, overflow_temple_1_default,
          minmay_temple_entry_mini_moons
D:5:      layout_loops_ring, lemuel_crystal_altar, overflow_temple_1_default,
          kennysheep_generic_room_10
Temple:   eino_temple_rhombus

Skill      XL: |  1  2  3  4  5  6 |
---------------+-------------------+-----
Stealth        | 3 |  3.7
Spellcasting   | 4 5 6 |  6.1
Conjurations   | 2 3 |  3.4
Dodging        | 3 |  3.0
Air Magic      | 4 |  4.7
Unarmed Combat | |  0.2

Action                   |  1- 3 |  4- 6 || total
-------------------------+-------+-------++-------
Melee: Unarmed           |    10 |       ||    10
       Dagger            |     1 |       ||     1
       Whip              |       |     4 ||     4
 Cast: Shock             |    66 |   124 ||   190
  Use: Scroll            |       |    18 ||    18
Armor: Robe              |     9 |     5 ||    14
Dodge: Dodged            |    26 |    26 ||    52

Table legend: (Time is in decaauts)
 A = Elapsed time spent in this place.
 B = Non-inter-level travel time spent in this place.
 C = Inter-level travel time spent in this place.
 D = Time resting spent in this place.
 E = Time spent auto-exploring this place.
 F = Levels seen in this place.
 G = Mean time per level.
                   A        B        C        D        E       F      G
               +--------+--------+--------+--------+--------+-----+--------+
         Total |   4914 |   4802 |    112 |   1329 |   2522 |   6 |  819.0 |
       Dungeon |   4807 |   4695 |    112 |   1329 |   2439 |   5 |  961.4 |
        Temple |    106 |    106 |      0 |      0 |     83 |   1 |  106.0 |
               +--------+--------+--------+--------+--------+-----+--------+

Top non-repeatable levels by time:
     D:2: 1288 daAuts
     D:4: 1208 daAuts
     D:3: 1144 daAuts
     D:1: 1046 daAuts
     D:5: 120 daAuts
  Temple: 106 daAuts
